 Dungeon Crawl Stone Soup version 0.28-a0-1435-g82390b3a13 (webtiles) character file.

Game seed: 446022212249151761

9 HallandMoats the Skirmisher (level 2, 0/24 HPs)
             Began as a Demonspawn Fighter on Jan 9, 2022.
             Slain by a hobgoblin (3 damage)
             ... on level 1 of the Dungeon.
             The game lasted 00:00:31 (373 turns).

HallandMoats the Skirmisher (Demonspawn Fighter)     Turns: 373, Time: 00:00:31

Health: 0/24       AC:  7    Str: 16    XL:     2   Next: 6%
Magic:  2/2        EV:  8    Int:  9    God:
Gold:   9          SH:  4    Dex: 12    Spells: 1/1 levels left

rFire   . . .      SeeInvis .   a - +0 flail
rCold   . . .      Faith    .   c - +0 buckler
rNeg    . . .      Spirit   .   b - +0 scale mail
rPois   .          Reflect  .   (no helmet)
rElec   .          Harm     .   (no cloak)
rCorr   .          Rampage  .   e - +0 pair of gloves
Will    .....                   (no boots)
Stlth   ..........              (no amulet)
HPRegen 0.08/turn               (no ring)
MPRegen 0.08/turn               (no ring)

@: no status effects
A: powered by pain 1
a: no special abilities


You were on level 1 of the Dungeon.
You visited 1 branch of the dungeon, and saw 1 of its levels.

You collected 9 gold pieces.

Inventory:

Hand Weapons
 a - a +0 flail (weapon)
Armour
 b - a +0 scale mail (worn)
 c - a +0 buckler (worn)
 e - a +0 pair of gloves (worn)
Potions
 d - a potion of might


   Skills:
 * Level 3.1 Fighting
 * Level 2.0 Maces & Flails
 + Level 2.8 Armour
 + Level 0.2 Dodging
 + Level 2.7 Shields


You had one spell level left.
You didn't know any spells.
Your spell library was empty.

Dungeon Overview and Level Annotations

Branches:
Dungeon (1/15)

Altars:


Innate Abilities, Weirdness & Mutations

You sometimes gain a little power by taking damage.


Message History

The hobgoblin hits you. The hobgoblin hits you.
The hobgoblin hits you but does no damage.
The hobgoblin barely misses you. The hobgoblin closely misses you.
The hobgoblin hits you but does no damage.
The hobgoblin hits you.
The hobgoblin hits you but does no damage.
The hobgoblin hits you but does no damage.
The hobgoblin barely misses you.
The hobgoblin hits you but does no damage.
The hobgoblin hits you but does no damage.
The hobgoblin hits you but does no damage.
You block the hobgoblin's attack. You block the hobgoblin's attack.
The hobgoblin hits you.
The hobgoblin hits you but does no damage.
You block the hobgoblin's attack.
The hobgoblin hits you but does no damage.
The hobgoblin hits you but does no damage.
The hobgoblin closely misses you.
The hobgoblin hits you but does no damage.
The hobgoblin barely misses you. The hobgoblin closely misses you.
The hobgoblin barely misses you. The hobgoblin closely misses you.
The hobgoblin barely misses you. The hobgoblin hits you.
You block the hobgoblin's attack. The hobgoblin closely misses you.
The hobgoblin hits you.
* * * LOW HITPOINT WARNING * * *
The hobgoblin hits you but does no damage.
The hobgoblin closely misses you. The hobgoblin hits you.
* * * LOW HITPOINT WARNING * * *
The hobgoblin hits you but does no damage.
The hobgoblin closely misses you. The hobgoblin hits you.
You die...

###########
####....@g...#
#.......####.#
###.##...#####.#.
.)...#...........
####..#.##.#....#.
..................
########.##..######
#......#..#..#
#.......#..#


You could see a hobgoblin.

Vanquished Creatures
  3 endoplasms (D:1)
  A giant cockroach (D:1)
  A hobgoblin (D:1)
  A frilled lizard (D:1)
  3 rats (D:1)
9 creatures vanquished.

Notes
Turn   | Place    | Note
-------+----------+-------------------------------------------
     0 | D:1      | HallandMoats the Demonspawn Fighter began the quest for the
                  | Orb.
     0 | D:1      | Reached XP level 1. HP: 18/18 MP: 1/1
   276 | D:1      | Gained mutation: You sometimes gain a little power by
                  | taking damage. [demonic ancestry]
   276 | D:1      | Reached XP level 2. HP: 21/24 MP: 2/2
   373 | D:1      | Slain by a hobgoblin

Illustrated notes

Levels and vault maps discovered:
D:1:      roderic_octagonal_star, layout_basic,
          hellmonk_ecumenical_altar_heavens_door

Skill      XL: |  1 |
---------------+----+-----
Maces & Flails | 2 |  2.0
Fighting       | |  3.1
Armour         | |  2.8
Dodging        | |  0.2
Shields        | |  2.7

Action                   || total
-------------------------++-------
Melee: Flail             ||    17
Armor: Scale mail        ||    22
Dodge: Dodged            ||    22
Block: Buckler           ||    11

Table legend: (Time is in decaauts)
 A = Elapsed time spent in this place.
 B = Non-inter-level travel time spent in this place.
 C = Inter-level travel time spent in this place.
 D = Time resting spent in this place.
 E = Time spent auto-exploring this place.
 F = Levels seen in this place.
 G = Mean time per level.
                   A        B        C        D        E       F      G
               +--------+--------+--------+--------+--------+-----+--------+
         Total |    379 |    347 |     32 |      0 |    237 |   1 |  379.0 |
       Dungeon |    379 |    347 |     32 |      0 |    237 |   1 |  379.0 |
               +--------+--------+--------+--------+--------+-----+--------+

Top non-repeatable levels by time:
     D:1: 379 daAuts
